 Dungeon Crawl Stone Soup version 0.18.1-48-g4cf74bf (webtiles) character file.

12203 antonio the Basher (level 11, -2/69 HPs)
             Began as a Gargoyle Abyssal Knight on Aug 16, 2016.
             Was a High Priest of Lugonu.
             Killed from afar by an orc wizard (3 damage)
             ... with a magic dart
             ... on level 10 of the Dungeon.
             The game lasted 01:01:01 (14682 turns).

antonio the Basher (Gargoyle Abyssal Knight)       Turns: 14682, Time: 01:01:04

Health: -2/69      AC: 23    Str: 28    XL:     11   Next: 89%
Magic:  13/17      EV:  4    Int: 12    God:    Lugonu [*****.]
Gold:   297        SH:  8    Dex:  9    Spells: 0 memorised, 10 levels left

rFire  + . .     SeeInvis +     w - +1 mace (holy)
rCold  . . .     Gourm    .     V - +0 plate armour
rNeg   + . .     Faith    .     Q - +0 shield
rPois  ∞         Spirit   .     p - +1 hat
rElec  +         Dismiss  +     b - +2 cloak
rCorr  .         Reflect  .     o - +0 pair of gloves of Daank {MR+ Str+5} (curse)
SustAt .         Harm     .     (no boots)
MR     +....                    s - amulet of dismissal
Stlth  ..........               X - ring "Soatau" {+Fly rF+ Str+3}
                                v - ring of see invisible

@: somewhat resistant to hostile enchantments, extremely unstealthy
A: negative energy resistance 1, electricity resistance, unbreathing,
petrification resistance, rot immunity, AC +7
a: Depart the Abyss, Bend Space, Banish, Corrupt, Enter the Abyss, Renounce
Religion, Evoke Flight


You were on level 10 of the Dungeon.
You worshipped Lugonu.
Lugonu was extremely pleased with you.
You were not hungry.

You visited 1 branch of the dungeon, and saw 10 of its levels.
You visited the Abyss 1 time.

You collected 534 gold pieces.
You spent 237 gold pieces at shops.

Inventory:

Hand Weapons
 w - a +1 mace of holy wrath (weapon)
 L - a +3 war axe
Armour
 b - a +2 cloak (worn)
 o - the cursed +0 pair of gloves of Daank (worn) {MR+ Str+5}
   (You bought it in a shop on level 7 of the Dungeon)

   It affects your strength (+5).
   It affects your resistance to hostile enchantments.
   It has a curse placed upon it.
 p - a +1 hat (worn)
 Q - a +0 shield (worn)
 V - a +0 plate armour (worn)
 Z - a steam dragon hide
Jewellery
 s - an amulet of dismissal (around neck)
 u - an uncursed ring of resist corrosion {unknown}
 v - a ring of see invisible (left hand)
 P - an uncursed amulet of magic regeneration
 R - a cursed ring of loudness {unknown}
 X - the ring "Soatau" (right hand) {+Fly rF+ Str+3}
   (You found it on level 9 of the Dungeon)

   [ring of flight]

   It affects your strength (+3).
   It protects you from fire.
   It lets you fly.
Wands
 A - a wand of polymorph (3/24)
 E - a wand of flame (32/48)
 N - a wand of confusion (20/48)
 O - a wand of confusion (36/48)
Scrolls
 d - a scroll of noise
 f - a scroll of fear {unknown}
 l - a scroll of amnesia {unknown}
 t - 2 scrolls of random uselessness {unknown}
 y - 2 scrolls of blinking {unknown}
 D - 4 scrolls of remove curse
 G - a scroll of enchant armour {unknown}
 J - a scroll of fog {unknown}
 K - 2 scrolls of teleportation {unknown}
 M - 2 scrolls of magic mapping {unknown}
 W - a scroll of enchant weapon {unknown}
Potions
 a - 2 potions of mutation {unknown}
 e - a potion of flight {unknown}
 g - 5 potions of curing
 h - 2 potions of degeneration {unknown}
 i - a potion of agility {unknown}
 k - a potion of brilliance {unknown}
 n - 3 potions of might {unknown}
 q - 2 potions of ambrosia {unknown}
 r - 2 potions of magic {unknown}
 x - 2 potions of berserk rage {unknown}
 F - a potion of invisibility {unknown}
 H - 3 potions of haste {unknown}
 I - 2 potions of lignification {unknown}
 S - 2 potions of heal wounds {unknown}
Books
 U - a book of Annihilations

   Spells                             Type                      Level
   a - Poison Arrow                   Conjuration/Poison           6
   b - Chain Lightning                Conjuration/Air              8
   c - Lehudib's Crystal Spear        Conjuration/Earth            8
   d - Glaciate                       Conjuration/Ice              9
   e - Fire Storm                     Conjuration/Fire             9
Miscellaneous
 T - a fan of gales
Comestibles
 c - 6 bread rations
 j - 4 meat rations
 m - 3 beef jerkies
 z - 7 chunks of flesh
 B - 2 fruits
 C - 10 slices of pizza
 Y - 2 royal jellies


   Skills:
 - Level 8.3 Fighting
 + Level 0.5(8.9) Axes
 - Level 14.5 Maces & Flails
   Level 0.1(0.3) Polearms
 + Level 0.1 Throwing
 - Level 2.1 Armour
 - Level 0.7 Dodging
 + Level 0.4 Unarmed Combat
 + Level 0.1 Spellcasting
 - Level 8.5 Invocations
 * Level 3.0 Evocations


You had 10 spell levels left.
You didn't know any spells.

Dungeon Overview and Level Annotations

Branches:
Dungeon (10/15)            Temple (0/1) D:7            Lair (0/8) D:10
    Orc: D:9-12

Altars:
Ashenzari
Cheibriados
Fedhas
Gozag
Makhleb
Nemelex Xobeh
Okawaru
Pakellas
Trog
Vehumet
Xom
Yredelemnul
The Shining One

Shops:
D:7 [


Innate Abilities, Weirdness & Mutations

You are resistant to torment.
Your stone body is resilient (AC +7).
You are immune to poison.
You resist negative energy.
You are resistant to electric shocks.
You can survive without breathing.
You are immune to petrification.
You are immune to rotting.


Message History

The hill giant is lightly wounded.
The orc hits you but does no damage.
The hill giant hits you with a giant club!!
You hit the hill giant.
The hill giant is lightly wounded.
The orc hits you but does no damage.
You hit the hill giant but do no damage.
The hill giant is lightly wounded.
The hill giant hits you with a giant club!!
* * * LOW HITPOINT WARNING * * *
You are too injured to fight recklessly!
Press: ? - help, Shift-Dir - straight line, f - hill giant
Aim: a hill giant, wielding a giant club (lightly wounded, chance to defeat MR: 73%)
The hill giant is devoured by a tear in reality.
Lugonu claims a new guest.
Your Evocations skill increases to level 3!
You feel somewhat more hungry. The orc hits you but does no damage.
The orc wizard casts a spell at you. The magic dart hits you!
You die...

### .......>...........# #
.)#######...........P.......# #
..'.......#.......)...#.....# ###
(.#####.## #.........##.....###..
..# ###.....####....÷#...# ###
#..o### #......'.### .# ##oo#
#......### .# ##§# ####'### .#
#@# #÷.# .# ######[## ##.## (#
#..."...# #..#
(##########.#.###.#####'#########
......#...'.#...#.'.#...........#
......#.#######.#.#.#...........'
......'^# #.....#.#.#.(.........#
..#########.#####.#.'...........#
######.#.#..).....###...........#


You could see an orc priest, an orc wizard (invisible) and an orc.

Vanquished Creatures
  The ghost of TugoseryaHuesosov the Transmogrifier, a novice DrTm of Cheibriados (D:9)
  The ghost of cada the Changer, a novice OpTm of Cheibriados (D:7)
  A manticore (D:10)
  Maurice (D:9)
  An elephant (D:10)
  2 trolls
  14 yaks
  A shadow (D:10)
  Sigmund (D:4)
  Eustachio (D:3)
  A wyvern (D:10)
  2 steam dragons
  Duvessa (D:4)
  A sky beast (D:9)
  A black bear (D:8)
  2 ice beasts
  3 orc warriors
  12 ogres
  A necrophage (D:9)
  4 phantoms
  3 centaurs
  2 crocodiles
  2 big kobolds
  12 giant frogs
  Dowan (D:4)
  A scorpion (D:4)
  A water moccasin skeleton (D:6)
  6 killer bees
  9 howler monkeys
  A crimson imp (D:6)
  4 jellies
  A quasit (D:9)
  3 hounds
  2 giant frog skeletons
  3 orc priests (D:10)
  2 centaur skeletons
  An iron imp (D:9)
  Ijyb (D:3)
  6 iguanas
  Terence (D:3)
  Natasha (thrice) (D:4)
  7 orc wizards
  9 worker ants
  A sheep (D:10)
  A hound zombie (D:10)
  A hound skeleton (D:5)
  2 worker ant zombies
  Robin (D:3)
  4 gnolls (D:6)
  9 adders
  4 shadow imps
  An ooze (D:1)
  An adder zombie (D:6)
  3 adder skeletons
  5 dart slugs
  5 giant geckos
  33 orcs
  3 ball pythons
  7 giant cockroaches
  14 hobgoblins
  16 jackals
  7 quokkas
  4 bats
  4 giant newts
  13 goblins
  A jackal skeleton (D:7)
  12 kobolds
  2 quokka skeletons
  2 quokka zombies
  5 rats
294 creatures vanquished.

Vanquished Creatures (others)
  The ghost of PossumBlood the Cleaver, a novice MiFi of Okawaru (D:6)
  A hill giant (D:10)
  A two-headed ogre (D:8)
  A hippogriff (D:10)
  A hungry ghost (D:9)
  An orc warrior (D:10)
  A jelly (D:6)
  A giant gecko (D:6)
  An orc (D:10)
  A goblin (D:3)
  A fungus (D:10)
11 creatures vanquished.

Grand Total: 305 creatures vanquished

Notes
Turn   | Place    | Note
--------------------------------------------------------------
     0 | Abyss:1  | antonio the Gargoyle Abyssal Knight began the quest for the Orb.
     0 | Abyss:1  | Reached XP level 1. HP: 14/14 MP: 2/2
    58 | Abyss:1  | Noticed a small abomination
    59 | D:1      | Escaped the Abyss
   236 | D:1      | Reached * piety under Lugonu
   236 | D:1      | Reached XP level 2. HP: 19/20 MP: 3/3
   437 | D:1      | Reached XP level 3. HP: 23/24 MP: 4/4
   843 | D:2      | Found a blossoming altar of Fedhas.
   872 | D:2      | Found an opulent altar of Gozag.
  1288 | D:3      | Reached skill level 5 in Fighting
  1322 | D:3      | Reached ** piety under Lugonu
  1578 | D:3      | Noticed Ijyb
  1581 | D:3      | Reached XP level 4. HP: 31/31 MP: 5/5
  1634 | D:3      | Killed Ijyb
  1664 | D:3      | Noticed Robin
  1703 | D:3      | Killed Robin
  1703 | D:3      | Reached XP level 5. HP: 17/36 MP: 6/6
  1936 | D:3      | Noticed Terence
  1945 | D:3      | Killed Terence
  2161 | D:3      | Reached *** piety under Lugonu
  2506 | D:4      | Noticed Eustachio
  2627 | D:3      | Killed Eustachio
  2627 | D:3      | Reached XP level 6. HP: 18/42 MP: 6/9
  2891 | D:4      | Reached XP level 7. HP: 40/47 MP: 10/10
  2893 | D:4      | Reached skill level 5 in Invocations
  3248 | D:4      | Noticed Natasha
  3281 | D:4      | Killed Natasha
  3298 | D:4      | Noticed Natasha
  3308 | D:4      | Killed Natasha
  3346 | D:4      | Noticed Natasha
  3361 | D:5      | Entered Level 5 of the Dungeon
  3382 | D:5      | Noticed Duvessa
  3383 | D:5      | Found a sparkling altar of Nemelex Xobeh.
  3419 | D:5      | Noticed Dowan
  3509 | D:4      | Killed Natasha
  3798 | D:4      | Noticed Sigmund
  3811 | D:4      | Killed Sigmund
  3811 | D:4      | Reached XP level 8. HP: 35/52 MP: 12/14
  4027 | D:4      | Reached **** piety under Lugonu
  4337 | D:4      | Killed Duvessa
  4351 | D:4      | Killed Dowan
  5038 | D:4      | Reached skill level 3 in Maces & Flails
  5562 | D:5      | Reached skill level 4 in Maces & Flails
  5562 | D:5      | Reached XP level 9. HP: 54/60 MP: 15/15
  5684 | D:6      | Reached skill level 5 in Maces & Flails
  5825 | D:6      | Noticed PossumBlood's ghost (novice MiFi)
  5860 | D:6      | Banished PossumBlood's ghost
  5860 | D:6      | Reached skill level 6 in Maces & Flails
  6407 | D:6      | Reached skill level 7 in Maces & Flails
  6525 | D:6      | Found a bloodstained altar of Trog.
  6896 | D:6      | Found a radiant altar of Vehumet.
  7077 | D:7      | Found a staircase to the Ecumenical Temple.
  7089 | D:7      | Noticed cada's ghost (novice OpTm)
  7106 | D:7      | Reached skill level 8 in Maces & Flails
  7142 | D:7      | Killed cada's ghost
  7142 | D:7      | Reached skill level 9 in Maces & Flails
  7253 | D:6      | Reached XP level 10. HP: 27/64 MP: 16/16
  7509 | D:7      | Reached skill level 10 in Maces & Flails
  7756 | D:7      | Found a glowing golden altar of the Shining One.
  7758 | D:7      | Found a shimmering altar of Xom.
  7760 | D:7      | Found an iron altar of Okawaru.
  8027 | D:7      | Found Juit's Antique Armour Shop.
  8044 | D:7      | Bought a pair of ancient gloves for 237 gold pieces
  8049 | D:7      | Identified the cursed +0 pair of gloves of Daank {MR+ Str+5} (You bought it in a shop on level 7 of the Dungeon)
  8171 | D:7      | Found a shattered altar of Ashenzari.
  8245 | D:7      | Found an oddly glowing altar of Pakellas.
  9268 | D:8      | Reached skill level 11 in Maces & Flails
 10509 | D:8      | Found a basalt altar of Yredelemnul.
 10510 | D:8      | Found a burning altar of Makhleb.
 10538 | D:9      | Noticed TugoseryaHuesosov's ghost (novice DrTm)
 10955 | D:9      | Killed TugoseryaHuesosov's ghost
 10955 | D:9      | Reached skill level 12 in Maces & Flails
 11165 | D:9      | Reached ***** piety under Lugonu
 11220 | D:9      | Got a heavily runed amber ring
 11327 | D:9      | Reached XP level 11. HP: 16/69 MP: 17/17
 11652 | D:9      | Reached skill level 13 in Maces & Flails
 11997 | D:9      | Identified the ring "Soatau" {+Fly rF+ Str+3} (You found it on level 9 of the Dungeon)
 12058 | D:9      | Found a snail-covered altar of Cheibriados.
 12436 | D:9      | Noticed Maurice
 12748 | D:9      | Killed Maurice
 12916 | D:10     | Entered Level 10 of the Dungeon
 13358 | D:10     | Reached skill level 14 in Maces & Flails
 13681 | D:10     | HP: 2/69 [hippogriff (5)]
 14081 | D:10     | Noticed a manticore
 14111 | D:10     | Killed a manticore
 14120 | D:10     | Found a staircase to the Lair.
 14417 | D:10     | Reached skill level 1 in Evocations
 14668 | D:10     | Noticed a hill giant
 14681 | D:10     | HP: 1/69 [hill giant/giant club (28)]
 14682 | D:10     | Banished a hill giant
 14682 | D:10     | Killed from afar by an orc wizard

Skill      XL: |  1  2  3  4  5  6  7  8  9 10 11 |
---------------+----------------------------------+-----
Fighting       | 4 5 6 8 |  8.3
Invocations    | 4 8 |  8.5
Maces & Flails | 4 9 12 14 | 14.5
Evocations     | 3 |  3.0
Axes           | |  0.5
Polearms       | |  0.1
Throwing       | |  0.1
Armour         | |  2.1
Dodging        | |  0.7
Unarmed Combat | |  0.4
Spellcasting   | |  0.1

Action                   |  1- 3 |  4- 6 |  7- 9 | 10-12 || total
-------------------------+-------+-------+-------+-------++-------
Melee: Dagger            |   110 |   249 |   290 |       ||   649
       Mace              |     7 |       |   298 |   965 ||  1270
       Trident           |       |       |    17 |       ||    17
Invok: Depart the Abyss  |     1 |       |       |       ||     1
       Bend Space        |       |       |     8 |       ||     8
       Banish            |       |       |     4 |    11 ||    15
  Use: Potion            |       |       |     3 |       ||     3
       Scroll            |       |       |     5 |     2 ||     7
  Eat: Chunk             |     2 |     5 |    12 |    28 ||    47
       Bread ration      |       |       |     1 |     1 ||     2
Armor: Leather armour    |    17 |       |       |       ||    17
       Scale mail        |    22 |   180 |   242 |       ||   444
       Chain mail        |       |       |   224 |   135 ||   359
       Plate armour      |       |       |       |   553 ||   553
Dodge: Dodged            |    66 |   157 |   287 |   153 ||   663
Block: Shield            |       |       |       |   306 ||   306
